 Dungeon Crawl Stone Soup version 0.20-a0-1000-g0e8f6bb (webtiles) character file.

3902 Ordine the Covert (level 10, -2/75 HPs)
             Began as an Octopode Transmuter on Apr 12, 2017.
             Was a Believer of Cheibriados.
             Slain by a two-headed ogre
             ... wielding a +0 dire flail
              (6 damage)
             ... on level 8 of the Dungeon.
             The game lasted 00:29:24 (8106 turns).

Ordine the Covert (Octopode Transmuter)             Turns: 8106, Time: 00:29:25

Health: -2/75      AC: 12    Str: 14    XL:     10   Next: 20%
Magic:  16/22      EV: 12    Int: 22    God:    Cheibriados [**....]
Gold:   194        SH:  0    Dex: 17    Spells: 11/26 levels left

rFire    x . .     SeeInvis .     - Unarmed
rCold    + + +     Gourm    +   (shield currently unavailable)
rNeg     . . .     Faith    .   (helmet currently unavailable)
rPois    +         Spirit   .   f - amulet of the gourmand
rElec    .         Reflect  .   k - +2 ring of evasion
rCorr    .         Harm     .   q - ring of poison resistance
MR       .....                  t - ring of flight
Stlth    ++++......             (no ring)
Regen    0.3/turn               (no ring)
MPRegen  0.2/turn               (no ring)
                                (no ring)
                                (no ring)

@: icy armour, ice-form, very slow
A: almost no armour, stealthy swim, amphibious, 8 rings, (constrict 8)
a: End Transformation, Bend Time, Renounce Religion, Evoke Flight


You were on level 8 of the Dungeon.
You worshipped Cheibriados.
Cheibriados was pleased with you.
You were completely stuffed.
You were a creature of crystalline ice.
You visited 2 branches of the dungeon, and saw 9 of its levels.

You collected 349 gold pieces.
You spent 155 gold pieces at shops.

Inventory:

Missiles
 a - 225 stones (quivered)
 o - 33 poisoned needles
 u - 14 tomahawks
 y - 3 steel tomahawks
Magical Staves
 A - an uncursed staff of power
Jewellery
 f - an amulet of the gourmand (around neck)
 k - a +2 ring of evasion (left front paw)
 q - a ring of poison resistance (right front paw)
 t - a ring of flight (on tentacle)
Wands
 d - a wand of iceblast (2/15)
 g - a wand of iceblast (12/15)
 E - a wand of confusion (21/48)
 F - a wand of paralysis (11/24)
Scrolls
 e - 3 scrolls of enchant weapon
 j - 2 scrolls of magic mapping
 m - 2 scrolls of teleportation
 r - a scroll of amnesia
 w - 4 scrolls of remove curse
 C - 2 scrolls of recharging
 G - a scroll of enchant armour
Potions
 h - 3 potions of curing
 i - 2 potions of brilliance
 p - 2 potions of flight
 v - a potion of lignification {unknown}
 x - a potion of ambrosia {unknown}
 z - a potion of invisibility {unknown}
 D - a potion of mutation {unknown}
Books
 b - a book of Changes

   Spells                             Type                      Level
   a - Beastly Appendage              Transmutation                1
   b - Sticks to Snakes               Transmutation                2
   c - Spider Form                    Transmutation/Poison         3
   d - Ice Form                       Ice/Transmutation            4
   e - Blade Hands                    Transmutation                5
 H - a book of Frost

   Spells                             Type                      Level
   a - Freeze                         Ice                          1
   b - Throw Frost                    Conjuration/Ice              2
   c - Ozocubu's Armour               Charms/Ice                   3
   d - Throw Icicle                   Conjuration/Ice              4
   e - Summon Ice Beast               Ice/Summoning                4
Comestibles
 c - 8 bread rations
 l - 5 fruits
 n - 6 royal jellies
 B - 3 meat rations
 I - 3 chunks of flesh


   Skills:
 + Level 3.4 Fighting
 - Level 2.0 Dodging
 + Level 8.5 Stealth
 + Level 6.9 Unarmed Combat
 * Level 8.5 Spellcasting
 + Level 6.5 Transmutations


You had 11 spell levels left.
You knew the following spells:

 Your Spells              Type           Power        Failure   Level  Hunger
a - Spider Form           Tmut/Pois      ###.......   8%          3    None
b - Ice Form              Ice/Tmut       ###.....     21%         4    ###....
c - Blade Hands           Tmut           #####.....   14%         5    #####..
d - Ozocubu's Armour      Chrm/Ice       #.......     21%         3    None


Dungeon Overview and Level Annotations

Branches:
Dungeon (8/15)             Temple (1/1) D:6
   Lair: D:8-11

Altars:
Ashenzari
Cheibriados
Dithmenos
Elyvilon
Fedhas
Gozag
Hepliaklqana
Kikubaaqudgha
Makhleb
Nemelex Xobeh
Okawaru
Qazlal
Ru
Sif Muna
Trog
Uskayaw
Vehumet
Xom
Yredelemnul
Zin
The Shining One

Shops:
D:5 *

Annotations:
D:5 cirnu's ghost, amateur DsFi


Innate Abilities, Weirdness & Mutations

You cannot wear most types of armour.
You are very stealthy in the water. (Stealth+)
You are amphibious.
You can wear up to eight rings at the same time.
((You can use your tentacles to constrict eight enemies at once.))
((Your skin changes colour to match your surroundings (Stealth+).))
((Your rubbery body absorbs attacks. (AC +1, EV +1)))


Message History

Confirm with . or Enter, or press ? or * to list all spells.
Your icy body feels more resilient.
The two-headed ogre hits you with a dire flail!
The two-headed ogre hits you with a giant spiked club!
You are too injured to fight recklessly!
You punch the two-headed ogre! You freeze the two-headed ogre.
The two-headed ogre is heavily wounded.
The two-headed ogre hits you with a dire flail!
The two-headed ogre hits you with a giant spiked club!!
* * * LOW HITPOINT WARNING * * *
The two-headed ogre hits you with a dire flail.
* * * LOW HITPOINT WARNING * * *
The two-headed ogre closely misses you.
Okay, then.
Okay, then.
You feel better.
The two-headed ogre hits you with a dire flail.
* * * LOW HITPOINT WARNING * * *
The two-headed ogre hits you with a giant spiked club.
You die...

#...... ........#
........###
........<.####
.............#
.......).....##
.........._...#.
...........(.....
.......YO..(....#
..........8(...##
...........((..#
..##..........##
. #......_...#
....#.....##
.....#..(..#
.....# #..###


You could see a two-headed ogre.

Vanquished Creatures
  A two-headed ogre (D:7)
  A hippogriff (D:7)
  A yak (D:7)
  A human (D:7)
  4 hogs (D:7)
  A sky beast (D:5)
  A black bear (D:7)
  2 phantoms (D:6)
  4 ogres
  A centaur (D:7)
  4 bullfrogs
  A wyvern skeleton (D:6)
  A scorpion (D:6)
  4 wights
  2 crimson imps
  2 bullfrog zombies
  2 orc wizards (D:6)
  A centaur skeleton (D:7)
  2 orc priests (D:6)
  2 bullfrog skeletons
  2 hounds
  3 jellies
  7 worker ants
  A worker ant zombie (D:7)
  Robin (D:2)
  A howler monkey zombie (D:6)
  A howler monkey skeleton (D:4)
  10 adders
  2 shadow imps
  2 oozes
  An adder zombie (D:5)
  A worm (D:3)
  4 dart slugs
  8 leopard geckos
  30 orcs
  3 ball pythons (D:5)
  7 giant cockroaches
  11 goblins
  11 hobgoblins
  2 jackals (D:3)
  3 quokkas
  A ball python skeleton (D:4)
  7 bats
  4 frilled lizards
  A jackal skeleton (D:5)
  A jackal zombie (D:4)
  5 kobolds
  A leopard gecko skeleton (D:8)
  9 rats
178 creatures vanquished.

Notes
Turn   | Place    | Note
-------+----------+-------------------------------------------
     0 | D:1      | Ordine the Octopode Transmuter began the quest for the Orb.
     0 | D:1      | Reached XP level 1. HP: 13/13 MP: 3/3
   183 | D:1      | Reached XP level 2. HP: 18/18 MP: 5/5
   752 | D:2      | Noticed Robin
   758 | D:1      | Reached skill level 1 in Stealth
   758 | D:1      | Reached XP level 3. HP: 23/23 MP: 6/6
   802 | D:1      | Learned a level 3 spell: Spider Form
  1014 | D:2      | Found a sparkling altar of Nemelex Xobeh.
  1337 | D:2      | Found a white marble altar of Elyvilon.
  1795 | D:2      | Reached XP level 4. HP: 28/28 MP: 8/8
  1852 | D:2      | Killed Robin
  2073 | D:2      | Found a radiant altar of Vehumet.
  2723 | D:3      | Reached XP level 5. HP: 18/33 MP: 6/9
  3197 | D:4      | Noticed an ogre
  3288 | D:4      | Reached XP level 6. HP: 26/38 MP: 11/11
  3580 | D:4      | Found a shadowy altar of Dithmenos.
  3770 | D:4      | Reached XP level 7. HP: 43/43 MP: 3/13
  3843 | D:5      | Entered Level 5 of the Dungeon
  3986 | D:5      | Found Tekoabbe's General Store.
  3999 | D:5      | Bought a scroll of remove curse for 39 gold pieces
  3999 | D:5      | Bought a scroll of identify for 26 gold pieces
  4300 | D:5      | Learned a level 4 spell: Ice Form
  4444 | D:5      | Reached skill level 5 in Stealth
  4444 | D:5      | Reached skill level 5 in Spellcasting
  4452 | D:5      | Noticed cirnu's ghost (amateur DsFi)
  4522 | D:5      | Found an opulent altar of Gozag.
  4523 | D:5      | Found a sparkling altar of Nemelex Xobeh.
  4890 | D:6      | Reached XP level 8. HP: 21/48 MP: 12/15
  4893 | D:6      | Reached skill level 5 in Unarmed Combat
  5427 | D:6      | Found a staircase to the Ecumenical Temple.
  5463 | D:6      | Found Zin's Purification Station.
  5466 | D:6      | Found a glowing silver altar of Zin.
  5471 | D:6      | Bought a potion of curing for 90 gold pieces
  5768 | D:6      | Reached skill level 5 in Transmutations
  6228 | D:6      | Found a burning altar of Makhleb.
  6328 | Temple   | Entered the Ecumenical Temple
  6400 | Temple   | Became a worshipper of Cheibriados the Contemplative
  6739 | D:6      | Reached XP level 9. HP: 49/53 MP: 17/19
  7093 | D:7      | Reached * piety under Cheibriados
  7097 | D:7      | HP: 3/63 [hog (9)]
  7679 | D:7      | Learned a level 5 spell: Blade Hands
  7690 | D:7      | Learned a level 3 spell: Ozocubu's Armour
  7994 | D:7      | Noticed a two-headed ogre
  8005 | D:7      | Killed a two-headed ogre
  8005 | D:7      | Reached XP level 10. HP: 48/63 MP: 15/22
  8036 | D:7      | Reached ** piety under Cheibriados
  8088 | D:8      | Found a bloodstained altar of Trog.
  8096 | D:8      | Noticed a two-headed ogre
  8097 | D:8      | Found a basalt altar of Yredelemnul.
  8104 | D:8      | HP: 3/75 [two-headed ogre/dire flail (24)]
  8105 | D:8      | HP: 1/75 [two-headed ogre/dire flail (2)]
  8106 | D:8      | Slain by a two-headed ogre

Vault maps used:
D:1:      dpeg_arrival_rhombus
D:2:      minmay_door_path, elyvilon_altar_5, marbit_many_paths,
          nemelex_diamond_rough_becter, uniq_robin
D:3:      serial_glass, glass_columns_a, glass_columns_c
D:4:      kennysheep_mini
D:5:      grunt_temple_overflow_opulence, serial_shops,
          nicolae_shop_temple_entry_statues_fountains, first_bread
D:6:      lemuel_coloured_pillars_altar, zin_purify, temple_doors_e,
          minmay_divided_ellipse
D:7:      minmay_blocky_corners, grunt_livestock, corexii_hall_statues_x,
          grunt_potential
D:8:      kennysheep_little_box, grunt_temple_overflow_open, david_lair_shrubbed
Temple:   nicolae_temple_hex_pool

Skill      XL: |  1  2  3  4  5  6  7  8  9 |
---------------+----------------------------+-----
Stealth        | 1 2 3 4 5 6 8 |  8.5
Spellcasting   | 3 4 5 6 8 |  8.5
Transmutations | 3 4 5 6 |  6.5
Unarmed Combat | 4 5 6 |  6.9
Fighting       | 3 |  3.4
Dodging        | |  2.0

Action                   |  1- 3 |  4- 6 |  7- 9 | 10-12 || total
-------------------------+-------+-------+-------+-------++-------
Melee: Unarmed           |    77 |   183 |   303 |     9 ||   572
       Constrict         |    15 |    20 |    23 |     1 ||    59
       Punch             |     1 |     1 |     6 |       ||     8
       Tentacles         |     9 |    10 |    22 |       ||    41
Throw: Stone             |     1 |     6 |    17 |     6 ||    30
 Cast: Spider Form       |       |    11 |    13 |       ||    24
       Ice Form          |       |       |    11 |     1 ||    12
       Ozocubu's Armour  |       |       |     3 |     1 ||     4
 Abil: End Transformatio |       |       |     2 |       ||     2
  Use: Scroll            |     4 |     6 |    13 |       ||    23
       Potion            |       |       |     4 |     1 ||     5
 Stab: Sleeping          |    10 |     5 |     8 |       ||    23
  Eat: Chunk             |     7 |    13 |    15 |       ||    35
Armor: Skin              |     7 |     7 |    24 |     1 ||    39
Dodge: Dodged            |    43 |   138 |   213 |     4 ||   398
